 Dungeon Crawl Stone Soup version 0.22-a0-362-g535178c (webtiles) character file.

5 Amnesiac the Magician (level 1, 0/13 HPs)
             Began as a Mummy Earth Elementalist on Apr 20, 2018.
             Slain by a jackal (2 damage)
             ... on level 1 of the Dungeon.
             The game lasted 00:01:07 (130 turns).

Amnesiac the Magician (Mummy Earth Elementalist)     Turns: 130, Time: 00:01:08

Health: 0/13       AC:  2    Str: 11    XL:     1   Next: 66%
Magic:  1/4        EV: 12    Int: 14    God:
Gold:   0          SH:  0    Dex: 12    Spells: 4/5 levels left

rFire    x . .     SeeInvis .   d - +0 short sword (speed)
rCold    + . .     Gourm    .   (no shield)
rNeg     + + +     Faith    .   c - +0 robe
rPois    ∞         Spirit   .   (no helmet)
rElec    .         Reflect  .   (no cloak)
rCorr    .         Harm     .   (no gloves)
MR       .....                  (no boots)
Stlth    ++........             (no amulet)
HPRegen  0.04/turn              (no ring)
MPRegen  0.09/turn              (no ring)

@: no status effects
A: no food or potions, fire vulnerability, cold resistance 1, negative energy
resistance 3, torment resistance, unbreathing
a: no special abilities


You were on level 1 of the Dungeon.
You were not hungry.

You visited 1 branch of the dungeon, and saw 1 of its levels.

Inventory:

Hand Weapons
 d - a +0 short sword of speed (weapon)
Missiles
 b - 19 stones (quivered)
Armour
 c - a +0 robe (worn)
Scrolls
 a - a scroll of identify {!r, unknown}


   Skills:
 - Level 1.5 Dodging
 - Level 1.5 Stealth
 + Level 2.7 Spellcasting
   Level 0.7 Transmutations
 * Level 2.7 Earth Magic


You had 4 spell levels left.
You knew the following spells:

 Your Spells              Type           Power        Failure   Level  Hunger
a - Sandblast             Erth           #.....       7%          1    N/A

Dungeon Overview and Level Annotations

Branches:
Dungeon (1/15)

Altars:


Innate Abilities, Weirdness & Mutations

You do not eat or drink.
Your flesh is vulnerable to fire.
You are immune to poison.
Your flesh is cold resistant. (rC+)
You are immune to negative energy. (rN+++)
You are immune to unholy pain and torment.
You can survive without breathing.


Message History

Your hands tingle!
d - a +0 short sword of speed (weapon)
You barely miss the rat. The rat bites you but does no damage.
You hit the rat.
The rat is heavily wounded.
The rat bites you.
* * * LOW HITPOINT WARNING * * *
You are too injured to fight recklessly!
You are too injured to fight recklessly!
You are too injured to fight recklessly!
You hit the rat.
You kill the rat!
Casting: Sandblast (safe; 8% risk of failure)
Confirm with . or Enter, or press ? or * to list all spells.
Aiming: Sandblast (safe; 8% risk of failure)
Press: ? - help, Shift-Dir - straight line, f - goblin
Aim: a goblin, wielding a club The blast of sand hits the goblin.
You kill the goblin!
b - 21 stones Unknown command.
You closely miss the rat. The rat misses you.
You completely miss the rat. The rat closely misses you.
You barely miss the rat. You hit the rat but do no damage.
The rat bites you but does no damage.
You hit the rat.
You kill the rat!
You start resting.
A jackal is nearby!
A jackal is nearby!
A kobold comes into view.
A kobold comes into view. It is wielding a short sword.
The kobold shouts!
You hear a shout!
A kobold comes into view.
The kobold shouts!
A hobgoblin comes into view. It is wielding a club.
Casting: Sandblast (safe; 7% risk of failure)
Confirm with . or Enter, or press ? or * to list all spells.
Aiming: Sandblast (safe; 7% risk of failure)
Press: ? - help, Shift-Dir - straight line, f - kobold
Aim: a kobold The blast of sand hits the kobold.
The kobold is severely wounded.
b - 20 stones The hobgoblin shouts!
Unknown command.
Casting: Sandblast (safe; 7% risk of failure)
Confirm with . or Enter, or press ? or * to list all spells.
Aiming: Sandblast (safe; 7% risk of failure)
Press: ? - help, Shift-Dir - straight line, f/p - kobold
Aim: a kobold (severely wounded)
The blast of sand hits the kobold.
The kobold is severely wounded.
b - 19 stones The kobold hits you.
* * * LOW HITPOINT WARNING * * *
You see here 16 gold pieces.
The jackal barks!
The jackal barks!
The jackal bites you.
* * * LOW HITPOINT WARNING * * *
The jackal closely misses you. The jackal completely misses you.
The jackal bites you.
You die...

#...K...#.......#
####$#####.#.#...#.#
#....K........##...#
#....###g#(....)..... ###
###### #K#.......#.## #h..
##.###.##..#.# ..h# #. ##
#............# .h.###
#...#####.h#####...###
#...##
###...@hKh......(..#
#...###.....###..######.##
#.#.#....## #..# #.#
###.....<..# #..# #.#
.###....##...## #..# #.#
........####.# #..# #.#
..#....## #.# .... #
#.#### ##.# .##
#.#######..#


You could see 3 jackals and a kobold.

Vanquished Creatures
  2 kobolds (D:1)
  A bat (D:1)
  A goblin (D:1)
  2 rats (D:1)
6 creatures vanquished.

Notes
Turn   | Place    | Note
-------+----------+-------------------------------------------
     0 | D:1      | Amnesiac the Mummy Earth Elementalist began the quest for the Orb.
     0 | D:1      | Reached XP level 1. HP: 13/13 MP: 4/4
   130 | D:1      | Slain by a jackal

Vault maps used:
D:1:      dpeg_arrival_arbitrary_b

Action                   || total
-------------------------++-------
Melee: Short sword       ||     8
       Unarmed           ||     3
 Cast: Sandblast         ||    11
Armor: Robe              ||     6
Dodge: Dodged            ||     8

Table legend:
 A = Spawn XP
 B = Non-spawn XP
 C = Spawn XP percentage of total XP
 D = Spawn monster count
 E = Non-spawn monster count
 F = Spawn count percentage of total count
 G = Total turns spent on level
                    A         B        C        D         E        F      G
               +---------+---------+-------+---------+---------+-------+---------
         Total |       0 |       8 |   0.0 |       0 |       6 |   0.0 |   130
               +---------+---------+-------+---------+---------+-------+---------
           D:1 |       0 |       8 |   0.0 |       0 |       6 |   0.0 |   130
               +---------+---------+-------+---------+---------+-------+---------
